 Dungeon Crawl Stone Soup version 0.30.1-11-g7821555f0a (webtiles) character file.

Game seed: 5182724381573900452

8677 Hodglim the Cleaver (level 11, -1/97 HPs)
             Began as a Minotaur Berserker on Dec 8, 2023.
             Was a High Priest of Trog.
             Slain by a killer bee (7 damage)
             ... on level 1 of the Lair of Beasts on Dec 14, 2023.
             The game lasted 00:57:03 (11183 turns).

Hodglim the Cleaver (Minotaur Berserker)           Turns: 11183, Time: 00:57:03

Health: -1/97      AC: 20    Str: 26    XL:     11   Next: 13%
Magic:  10/10      EV: 14    Int:  4    God:    Trog [*****.]
Gold:   450        SH:  5    Dex: 10    Spells: 10/10 levels left

rFire   . . .        a - +1 war axe
rCold   . . .        s - +0 buckler
rNeg    . . .        H - +0 plate armour
rPois   .            (helmet restricted)
rElec   .            (no cloak)
rCorr   .            G - +0 pair of gloves
SInv    .            y - +0 pair of boots
Will    .....        (no amulet) Stlth
                     o - +4 ring of protection
HPRegen 0.36/turn    J - +5 ring of evasion
MPRegen 0.12/turn

%: no passive effects
@: no status effects
A: horns 2, retaliatory headbutt
a: Renounce Religion, Berserk, Trog's Hand, Brothers in Arms


You were on level 1 of the Lair of Beasts.
You worshipped Trog.
Trog was extremely pleased with you.
You visited 3 branches of the dungeon, and saw 11 of its levels.

You collected 667 gold pieces.
You spent 217 gold pieces at shops.

Inventory:

Hand Weapons
 a - a +1 war axe (weapon)
 A - the +9 trident of Katworphua {drain, Will+ Int+3 SInv}
   (You found it on level 9 of the Dungeon)

   Int:       It affects your intelligence (+3).
   SInv:      It lets you see invisible.
   Will:      It increases your willpower.
 D - a +3 dagger of distortion
Missiles
 d - 3 boomerangs (quivered)
 e - 103 stones
 F - a throwing net
Armour
 r - a +0 scale mail
 s - a +0 buckler (worn)
 y - a +0 pair of boots (worn)
 G - a +0 pair of gloves (worn)
 H - a +0 plate armour (worn)
Jewellery
 o - a +4 ring of protection (left hand)
 J - a +5 ring of evasion (right hand)
Wands
 q - a wand of light (6)
 v - a wand of paralysis (8)
 w - a wand of digging (7)
 C - a wand of iceblast (4)
 E - a wand of flame (28)
Scrolls
 b - a scroll of poison {unknown}
 f - a scroll of magic mapping
 k - 2 scrolls of enchant weapon
 m - 8 scrolls of identify
 n - a scroll of teleportation
 t - 2 scrolls of immolation
 x - 2 scrolls of enchant armour
 z - a scroll of vulnerability {unknown}
 I - a scroll of blinking {unknown}
Potions
 c - 3 potions of heal wounds {unknown}
 g - a potion of lignification {unknown}
 h - 6 potions of curing
 i - 2 potions of might
 j - a potion of haste {unknown}
 l - a potion of berserk rage {unknown}
 p - a potion of flight {unknown}
 u - a potion of brilliance {unknown}
 B - a potion of ambrosia {unknown}


   Skills:
 + Level 9.4 Fighting
 * Level 12.7 Axes
 + Level 9.0 Armour
 + Level 8.3 Dodging
 + Level 7.4 Shields


You had 10 spell levels left.
You didn't know any spells.
Your spell library was empty.

Dungeon Overview and Level Annotations

Branches:
Dungeon (9/15)             Temple (1/1) D:6            Lair (1/5) D:9
    Orc (0/2) D:9

Altars:
Ashenzari
Dithmenos
Elyvilon
Fedhas
Gozag
Hepliaklqana
Kikubaaqudgha
Makhleb
Nemelex Xobeh
Okawaru
Qazlal
Ru
Sif Muna
Trog
Vehumet
Wu Jian
Xom
Yredelemnul
Zin
The Shining One

Shops:
D:3 =   D:7 ?(   D:8 [

Annotations:
D:4 3 runed translucent doors, lasso's ghost, amateur DjCj


Innate Abilities, Weirdness & Mutations

You have a pair of horns on your head.
You reflexively headbutt those who attack you in melee.


Message History

* * * LOW HITPOINT WARNING * * *
You are poisoned.
The killer bee poisons you!
You feel very sick. You block the killer bee's attack.
The killer bee stings you but does no damage. x2
The killer bee barely misses you.
You feel sick.
The killer bee stings you but does no damage.
You block the killer bee's attack. The killer bee barely misses you.
You open the door.
You feel sick. You block the killer bee's attack.
The killer bee closely misses you.
The killer bee stings you but does no damage.
The killer bee barely misses you.
The killer bee stings you but does no damage.
The killer bee barely misses you.
The killer bee attacks as you move away!
The killer bee misses you.
The killer bee attacks as you move away!
The killer bee closely misses you.
The killer bee attacks as you move away!
The killer bee stings you but does no damage.
You feel sick. The killer bee completely misses you. The killer bee stings you.
* * * LOW HITPOINT WARNING * * *
The killer bee stings you.
* * * LOW HITPOINT WARNING * * *
There is an open door here.
The killer bee attacks as you move away!
You block the killer bee's attack.
The killer bee attacks as you move away!
The killer bee stings you but does no damage.
* * * LOW HITPOINT WARNING * * *
You feel sick.
The killer bee stings you but does no damage.
The killer bee stings you.
* * * LOW HITPOINT WARNING * * *
You are more poisoned.
The killer bee poisons you!
You feel better. The killer bee stings you!
You die...

.....##yy#.........#
y...y...y#.........##
[......###..........#
......## #.........##
.....## #..........#
.....# #..?......##
.##### #......y..# .#
#######yy## .. #@##
#.. #..# #. #..# ..
##.# #.# #.# #.# #.##
#.P#


You could see 3 killer bees.

Vanquished Creatures
  A hydra (D:8)
  A faun (shapeshifter) (D:8)
  A guardian serpent (shapeshifter) (D:8)
  A black mamba (Lair:1)
  A cane toad (shapeshifter) (D:8)
  Psyche (D:8)
  A hornet (D:8)
  9 yaks
  2 steam dragons
  2 water moccasins
  2 sky beasts
  6 orc warriors
  2 black bears
  An ogre (D:7)
  2 centaurs (D:8)
  3 kobold brigands
  A phantom (D:6)
  2 gnoll sergeants
  4 bullfrogs
  9 wights
  5 howler monkeys
  21 killer bees
  2 gnoll boudas (D:9)
  A jelly (D:5)
  4 orc priests
  2 hounds
  2 sleepcaps
  Jessica (D:3)
  5 iguanas
  9 orc wizards
  22 gnolls
  3 adders
  A shadow imp (D:8)
  3 white imps
  3 ufetubi
  2 worms
  2 dart slugs (D:4)
  29 orcs
  8 ball pythons
  10 endoplasms
  2 giant cockroaches
  9 hobgoblins
  11 jackals
  5 quokkas
  2 bats
  4 frilled lizards
  7 goblins
  24 kobolds
  4 rats
255 creatures vanquished.

Vanquished Creatures (others)
  An orc wizard (D:9)
  An orc (D:9)
  A kobold (D:8)
3 creatures vanquished.

Grand Total: 258 creatures vanquished

Notes
Turn   | Place    | Note
-------+----------+-------------------------------------------
     0 | D:1      | Hodglim the Minotaur Berserker began the quest for the Orb.
     0 | D:1      | Reached XP level 1. HP: 19/19 MP: 0/0
   127 | D:1      | Reached XP level 2. HP: 27/27 MP: 1/1
   153 | D:1      | Reached skill level 4 in Axes
   864 | D:2      | Reached XP level 3. HP: 29/33 MP: 2/2
   935 | D:2      | Reached ** piety under Trog
  1679 | D:2      | Reached XP level 4. HP: 40/40 MP: 3/3
  1829 | D:3      | Noticed Jessica
  1842 | D:3      | Killed Jessica
  2046 | D:3      | Reached skill level 5 in Axes
  2073 | D:3      | Found an ornate altar of the Wu Jian Council.
  2073 | D:3      | Found a burning altar of Makhleb.
  2352 | D:3      | Found Ucileol's Jewellery Shoppe.
  2644 | D:4      | Reached XP level 5. HP: 46/47 MP: 4/4
  2675 | D:4      | Noticed a sky beast
  2699 | D:4      | Killed a sky beast
  2700 | D:4      | Reached XP level 6. HP: 29/55 MP: 5/5
  2813 | D:4      | Reached skill level 5 in Fighting
  2943 | D:4      | Reached *** piety under Trog
  2955 | D:4      | Found a runed translucent gate.
  2959 | D:4      | Found a runed translucent gate.
  2960 | D:4      | Found a runed translucent gate.
  2960 | D:4      | Noticed lasso's ghost (amateur DjCj)
  3093 | D:4      | Reached skill level 6 in Axes
  3301 | D:5      | Entered Level 5 of the Dungeon
  3301 | D:5      | Noticed a water moccasin
  3306 | D:5      | Killed a water moccasin
  3533 | D:5      | Found a shimmering blue altar of Sif Muna.
  3798 | D:5      | Reached XP level 7. HP: 50/61 MP: 6/6
  4266 | D:6      | Reached skill level 7 in Axes
  4467 | D:5      | Reached skill level 5 in Armour
  4667 | D:6      | Found a staircase to the Ecumenical Temple.
  4688 | Temple   | Entered the Ecumenical Temple
  5162 | D:6      | Reached skill level 1 in Shields
  5391 | D:6      | Reached XP level 8. HP: 70/70 MP: 7/7
  5426 | D:6      | Found a blossoming altar of Fedhas.
  5575 | D:6      | Reached skill level 5 in Dodging
  5758 | D:7      | Reached skill level 8 in Axes
  6017 | D:7      | Found Qeaschuuc's Magic Scroll Shoppe.
  6034 | D:7      | Bought a scroll of identify for 28 gold pieces
  6034 | D:7      | Bought a scroll of identify for 28 gold pieces
  6034 | D:7      | Bought a scroll of identify for 28 gold pieces
  6034 | D:7      | Bought a scroll of enchant armour for 105 gold pieces
  6034 | D:7      | Bought a scroll of identify for 28 gold pieces
  6668 | D:7      | Found Pingyemi's Weapon Shoppe.
  6702 | D:7      | Reached skill level 9 in Axes
  7194 | D:7      | Reached XP level 9. HP: 58/74 MP: 8/8
  7845 | D:8      | Found Yrhysinn's Armour Boutique.
  7961 | D:8      | Reached **** piety under Trog
  8169 | D:8      | Reached skill level 10 in Axes
  8177 | D:8      | Reached skill level 5 in Shields
  8248 | D:8      | Noticed Psyche
  8261 | D:8      | Killed Psyche
  8579 | D:8      | Noticed a rime drake
  8579 | D:8      | Noticed a five-headed hydra
  8620 | D:8      | Noticed a black mamba
  8620 | D:8      | Noticed a salamander
  8621 | D:8      | a black mamba changed into a queen bee
  8621 | D:8      | Noticed a queen bee (shapeshifter)
  8624 | D:8      | a queen bee changed into a guardian serpent
  8624 | D:8      | Noticed a guardian serpent (shapeshifter)
  8625 | D:8      | Noticed a cane toad
  8627 | D:8      | Killed a guardian serpent
  8628 | D:8      | Reached skill level 11 in Axes
  8628 | D:8      | Reached XP level 10. HP: 88/88 MP: 9/9
  8634 | D:8      | Killed a ten-headed hydra
  8640 | D:8      | Killed a cane toad
  8648 | D:8      | a salamander changed into a fire crab
  8648 | D:8      | Noticed a fire crab (shapeshifter)
  8858 | D:8      | Noticed a faun
  8872 | D:8      | Killed a faun
  9205 | D:9      | Found a staircase to the Lair.
  9260 | D:9      | Identified the +9 trident of Katworphua {drain, Will+ Int+3
                  | SInv}
  9468 | D:9      | Reached skill level 12 in Axes
  9672 | D:9      | Reached ***** piety under Trog
 10693 | D:9      | Found a staircase to the Orcish Mines.
 10949 | Lair:1   | Entered Level 1 of the Lair of Beasts
 10990 | Lair:1   | Noticed a black mamba
 10996 | Lair:1   | Killed a black mamba
 10997 | Lair:1   | Reached XP level 11. HP: 97/97 MP: 10/10
 11181 | Lair:1   | HP: 3/97 [killer bee (3)]
 11182 | Lair:1   | HP: 1/97 [killer bee (1)]
 11183 | Lair:1   | Slain by a killer bee

Illustrated notes

Levels and vault maps discovered:
D:1:      dpeg_arrival_windows_large_door, layout_basic
D:2:      layout_loops_corners
D:3:      layout_loops_ring, gammafunk_temple_overflow_pools, serial_shops,
          shop, uniq_jessica
D:4:      layout_rooms, gammafunk_ghost_nasty_kobolds, serial_bayou,
          serial_bayou_pond_a, serial_bayou_pond_c, serial_bayou_ford_a,
          serial_bayou_lagoon_b, hex_medium
D:5:      layout_gridville, nicolae_sif_muna_condensation
D:6:      layout_basic, fedhas_altar_4, minmay_temple_entry_junction_2
D:7:      layout_basic, serial_shops, nicolae_shop_real_fake_doors,
          shop_fountains
D:8:      minmay_chambers_of_sevens, layout_cave_pools, serial_shops, shop,
          uniq_psyche
D:9:      layout_basic, dpeg_oklobed_lair, david_orc_4, hangedman_decor_growths
Temple:   compressed_dpeg_triangle_lava_temple
Lair:1:   layout_roguey [special_room_bee], serial_bayou_shore_b

Skill      XL: |  1  2  3  4  5  6  7  8  9 10 11 |
---------------+----------------------------------+-----
Axes           | 4 5 6 7 9 11 12 | 12.7
Fighting       | 4 5 6 7 8 9 |  9.4
Armour         | 3 4 5 6 7 8 9 |  9.0
Dodging        | 3 4 5 7 8 |  8.3
Shields        | 1 3 5 7 |  7.4

Action                     |  1- 3 |  4- 6 |  7- 9 | 10-12 || total
---------------------------+-------+-------+-------+-------++-------
  Melee: Hand axe          |    94 |    37 |       |       ||   131
         Headbutt          |    11 |     9 |    37 |    41 ||    98
         War axe           |       |    50 |   223 |   240 ||   513
         Punch             |       |     1 |     3 |       ||     4
  Throw: Boomerang         |     7 |    16 |    19 |     2 ||    44
 Invoke: Berserk           |       |     2 |     5 |     1 ||     8
    Use: Scroll            |       |     7 |     3 |     1 ||    11
         Potion            |       |       |     1 |     1 ||     2
 Armour: Leather armour    |     7 |       |       |       ||     7
         Ring mail         |    12 |     1 |       |       ||    13
         Scale mail        |       |    29 |    87 |    44 ||   160
         Plate armour      |       |       |       |    80 ||    80
  Dodge: Dodged            |    52 |    47 |   128 |   197 ||   424
  Block: Buckler           |       |       |    36 |    96 ||   132
